Canadiens vs Oilers
(R3)
Created - 9 mai 2016 at 19:00
Goals
|
Canadiens |
0 |
1 |
1 |
2 |
Oilers |
3 |
1 |
2 |
6 |
|
Shots
|
Canadiens |
11 |
7 |
9 |
27 |
Oilers |
13 |
6 |
11 |
30 |
|
1st period
1. Oilers , Peter Regin 1 (Oleg Saprykin) at 4:13
2. Oilers , Paul Stastny 1 (Patrick Kane, Ian White) at 14:42
3. Oilers , Paul Stastny 2 (Patrick Kane, Tomas Fleischmann) at 18:26
Penalties :
Marek Svatos (Mon) for Hooking (Minor) at 5:59, Jonathan Toews (Edm) for Hooking (Minor) at 15:39, Dennis Wideman (Mon) for Hooking (Minor) at 18:33
2nd period
4. Canadiens , Riley Cote 1 (Jiri Fischer, Dustin Boyd) at 2:34
5. Oilers , Paul Stastny 3 (Danny Richmond, Ted Purcell) at 18:55 (PP)
Penalties :
Marc Savard (Mon) for Slashing (Minor) at 6:33, Wayne Simmonds (Edm) for Holding (Minor) at 10:25, Dan Boyle (Mon) for Hooking (Minor) at 17:54, Maxim Talbot (Mon) for Interference (Minor) at 18:17, Marek Svatos (Mon) for Hooking (Minor) at 19:17
3rd period
6. Oilers , Danny Richmond 2 (Patrick Kane, Jonathan Toews) at 0:57 (PP)
7. Oilers , Patrick Kaleta 1 (Peter Regin) at 16:22
8. Canadiens , Maxim Talbot 2 (Greg Stewart, Drew Miller) at 17:16
Penalties :
Ian White (Edm) for Fighting (Major) at 1:04, Patrick Sharp (Mon) for Fighting (Major) at 1:04, Patrick Sharp (Mon) for instigated a fight (Minor) at 1:04, Patrick Sharp (Mon) for instigated a fight (10 Minutes Misconduct) at 1:04, Zach Bogosian (Edm) for Fighting (Major) at 3:15, Dennis Wideman (Mon) for Fighting (Major) at 3:15, Marek Svatos (Mon) for Kneeing (Minor) at 7:00, Danny Richmond (Edm) for Hooking (Minor) at 17:38, Ilya Kovalchuk (Edm) for Roughing (Minor) at 18:37
Goalie Stats
Jonathan Bernier (Mon), 15 saves from 19 shots - (0,789), L, 2-2-0, 38:55 minutes
Miika Kiprusoff (Mon), 9 saves from 11 shots - (0,818), 21:05 minutes
Cam Ward (Edm), 25 saves from 27 shots - (0,926), W, 2-2-0, 60:00 minutes
Players Stats for Canadiens
Player Name G A P +/- PIM S H SB GA TA FO MP PP MP PK MP
------------------------------------------------------------------------------------
Brooks Laich 0 0 0 -2 0 0 1 0 0 0 3/10 17:17 2:34 3:55
Cam Janssen 0 0 0 1 0 0 1 0 0 0 0/0 8:30 0:05 0:00
Dan Boyle 0 0 0 0 2 0 3 1 0 3 0/0 18:39 4:01 0:00
Denis Grebeshkov 0 0 0 -1 0 1 0 0 0 1 0/0 18:34 2:18 4:34
Dennis Wideman 0 0 0 0 7 2 3 2 0 0 0/0 22:23 4:01 3:15
Devin Setoguchi 0 0 0 0 0 1 1 0 0 0 0/0 10:38 2:34 0:00
Drew Miller 0 1 1 -2 0 5 1 0 0 1 1/1 20:24 2:34 6:55
Dustin Boyd 0 1 1 1 0 3 1 0 0 0 1/2 8:50 0:00 0:06
Greg Stewart 0 1 1 0 0 0 1 0 0 0 0/1 15:00 0:05 3:32
Jiri Fischer 0 1 1 -1 0 0 2 0 0 1 0/0 23:47 0:00 8:24
Ladislav Smid 0 0 0 -1 0 3 1 1 0 1 0/0 19:05 0:00 8:24
Marc Savard 0 0 0 -1 2 3 1 1 0 0 18/30 18:25 3:40 1:48
Marek Svatos 0 0 0 -1 6 2 1 0 0 0 0/2 18:57 3:40 1:41
Matt Carle 0 0 0 -1 0 0 3 1 1 0 0/0 17:40 2:18 1:19
Maxim Talbot 1 0 1 0 2 2 2 1 0 0 8/15 15:44 0:05 5:47
Patrick Sharp 0 0 0 -1 17 3 1 0 1 0 1/1 13:08 3:40 0:26
Rene Bourque 0 0 0 -2 0 1 1 0 0 0 1/1 10:23 0:00 0:00
Riley Cote 1 0 1 1 0 1 0 0 1 0 0/0 7:52 0:00 0:07
Players Stats for Oilers
Player Name G A P +/- PIM S H SB GA TA FO MP PP MP PK MP
------------------------------------------------------------------------------------
Brian Sutherby 0 0 0 0 0 1 1 0 0 0 0/0 8:46 0:00 2:37
Danny Richmond 1 1 2 1 2 2 7 3 1 1 0/0 24:24 4:52 1:39
David Hale 0 0 0 1 0 0 1 2 0 0 0/0 17:17 1:13 2:53
Ian White 0 1 1 1 5 1 2 0 0 0 0/0 21:18 5:44 3:27
Ilya Kovalchuk 0 0 0 -1 2 2 2 1 3 1 1/2 23:16 7:36 2:35
Jonathan Toews 0 1 1 -1 2 2 1 0 1 0 15/28 20:50 7:36 0:22
Kurt Sauer 0 0 0 1 0 0 0 2 0 0 0/0 21:25 2:11 2:52
Oleg Saprykin 0 1 1 1 0 0 0 0 0 0 0/0 11:42 0:28 2:37
Patrick Kaleta 1 0 1 1 0 2 2 0 0 0 0/0 8:55 0:28 0:00
Patrick Kane 0 3 3 2 0 2 2 0 0 0 0/2 20:49 6:43 0:46
Paul Stastny 3 0 3 2 0 5 1 0 0 1 4/15 17:46 4:54 0:00
Peter Regin 1 1 2 1 0 3 0 1 0 0 9/12 11:41 0:00 2:34
Stephane Robidas 0 0 0 0 0 6 0 1 2 0 0/0 20:33 7:08 1:53
Steve Begin 0 0 0 0 0 0 1 0 0 0 0/0 6:09 0:00 0:00
Ted Purcell 0 1 1 -1 0 3 2 1 0 0 0/0 17:39 5:32 0:00
Tomas Fleischmann 0 1 1 2 0 0 2 1 0 0 0/3 17:46 4:54 0:00
Wayne Simmonds 0 0 0 0 2 0 3 0 0 0 1/1 7:13 0:43 0:00
Zach Bogosian 0 0 0 0 5 1 1 1 0 0 0/0 15:06 4:48 0:00
3 Stars
1 - Paul Stastny (Edm)
2 - Danny Richmond (Edm)
3 - Patrick Kane (Edm)
Power Play
Canadiens - 0 on 4 Attempt(s) - 0,00%
Oilers - 2 on 8 Attempt(s) - 25,00%
Penalty Kill
Canadiens - 6 on 8 Attempt(s) - 75,00%
- Score 0 goal in Penalty Kill
Oilers - 4 on 4 Attempt(s) - 100,00%
- Score 0 goal in Penalty Kill
Team Stat
Canadiens - Hits : 24 - Faceoff Wins : 33 - Blocked Shots : 7 - Penalty Minutes : 36
Oilers - Hits : 28 - Faceoff Wins : 30 - Blocked Shots : 13 - Penalty Minutes : 18
Official
Referees : Martell Rob and Sutherland Kelly
Linesman : Pierre Champoux and Brian Murphy
Game Notes
Paul Stastny has scored a Hat Trick!
Miika Kiprusoff enters game at 18:55 of 2nd period
Ian White and Patrick Sharp fight to a draw at 1:04 of 3rd period
Zach Bogosian and Dennis Wideman fight to a draw at 3:15 of 3rd period
16:22 of 3rd period - Oilers goal is going for a video replay. After video review, Goal.
Finance
Level 1 -- Attendance: 5145 (85,75%) -- Ticket Income 478 485 $
Level 2 -- Attendance: 4663 (93,26%) -- Ticket Income 270 454 $
Level 3 -- Attendance: 1698 (84,90%) -- Ticket Income 62 826 $
Level 4 -- Attendance: 3675 (91,88%) -- Ticket Income 95 550 $
Luxury Box -- Attendance: 967 (96,70%) -- Ticket Income 167 291 $
Game was played at the Rexall Place.
Total Attendance: 16148 (89,71%)
Total Ticket Income: 1 074 606 $
Other Income: 161 191 $
Total Income: 1 235 797 $
Canadiens
5 vs 5 Forward
Center Left Wing Right Wing Time % Phy DF OF
1 Marc Savard Patrick Sharp Marek Svatos 40 1 2 2
2 Brooks Laich Drew Miller Rene Bourque 30 1 2 2
3 Maxim Talbot Greg Stewart Devin Setoguchi 20 1 2 2
4 Dustin Boyd Riley Cote Cam Janssen 10 1 2 2
5 vs 5 Defense
Defense Defense Time % Phy DF OF
1 Jiri Fischer Dennis Wideman 40 1 2 2
2 Dan Boyle Matt Carle 30 1 2 2
3 Ladislav Smid Denis Grebeshkov 20 1 2 2
4 Dan Boyle Dennis Wideman 10 1 2 2
PowerPlay Forward
Center Left Wing Right Wing Time % Phy DF OF
1 Marc Savard Patrick Sharp Marek Svatos 60 1 2 2
2 Brooks Laich Drew Miller Devin Setoguchi 40 1 2 2
PowerPlay Defense
Defense Defense Time % Phy DF OF
1 Dan Boyle Dennis Wideman 60 1 2 2
2 Denis Grebeshkov Matt Carle 40 1 2 2
Penalty Kill 4 Players Forward
Center Wing Time % Phy DF OF
1 Maxim Talbot Drew Miller 60 1 2 2
2 Brooks Laich Greg Stewart 40 1 2 2
Penalty Kill 4 Players Defense
Defense Defense Time % Phy DF OF
1 Jiri Fischer Ladislav Smid 60 1 2 2
2 Denis Grebeshkov Dennis Wideman 40 1 2 2
Penalty Kill - 3 Players Forward
Forward Time % Phy DF OF
1 Marc Savard 60 1 2 2
2 Brooks Laich 40 1 2 2
Penalty Kill - 3 Players Defense
Defense Defense Time % Phy DF OF
1 Jiri Fischer Ladislav Smid 60 1 2 2
2 Denis Grebeshkov Dennis Wideman 40 1 2 2
4 vs 4 Forward
Center Wing Time % Phy DF OF
1 Marc Savard Patrick Sharp 60 1 2 2
2 Maxim Talbot Drew Miller 40 1 2 2
4 vs 4 Defense
Defense Defense Time % Phy DF OF
1 Dan Boyle Dennis Wideman 60 1 2 2
2 Jiri Fischer Ladislav Smid 40 1 2 2
Last Minutes Offensive
Center Left Wing Right Wing Defense Defense
Marc Savard Patrick Sharp Marek Svatos Dan Boyle Dennis Wideman
Last Minutes Defensive
Center Left Wing Right Wing Defense Defense
Marc Savard Drew Miller Rene Bourque Jiri Fischer Dennis Wideman
Goaltenders
Starting : Jonathan Bernier
Backup : Miika Kiprusoff
Extra Forwards
Normal : Greg Stewart, Maxim Talbot, Dustin Boyd - PP : Maxim Talbot, Greg Stewart - PK : Marek Svatos
Extra Defensemen
Normal : Jiri Fischer, Matt Carle, Dennis Wideman - PP : Jiri Fischer - PK : Matt Carle, Dennis Wideman
Penalty Shots
Marc Savard, Drew Miller, Patrick Sharp, Rene Bourque, Marek Svatos
Oilers
5 vs 5 Forward
Center Left Wing Right Wing Time % Phy DF OF
1 Jonathan Toews Ilya Kovalchuk Ted Purcell 38 1 2 2
2 Paul Stastny Tomas Fleischmann Patrick Kane 37 1 2 2
3 Peter Regin Oleg Saprykin Patrick Kaleta 15 1 2 2
4 Brian Sutherby Steve Begin Wayne Simmonds 10 1 2 2
5 vs 5 Defense
Defense Defense Time % Phy DF OF
1 Danny Richmond Kurt Sauer 37 1 2 2
2 Ian White David Hale 32 1 2 2
3 Stephane Robidas Zach Bogosian 26 1 2 2
4 Ian White Stephane Robidas 5 1 2 2
PowerPlay Forward
Center Left Wing Right Wing Time % Phy DF OF
1 Jonathan Toews Ilya Kovalchuk Patrick Kane 65 0 2 3
2 Paul Stastny Tomas Fleischmann Ted Purcell 35 0 2 3
PowerPlay Defense
Defense Defense Time % Phy DF OF
1 Ian White Stephane Robidas 50 1 2 2
2 Danny Richmond Zach Bogosian 50 1 2 2
Penalty Kill 4 Players Forward
Center Wing Time % Phy DF OF
1 Peter Regin Ilya Kovalchuk 50 1 3 1
2 Brian Sutherby Oleg Saprykin 50 1 3 1
Penalty Kill 4 Players Defense
Defense Defense Time % Phy DF OF
1 Ian White David Hale 50 1 3 1
2 Danny Richmond Kurt Sauer 50 1 3 1
Penalty Kill - 3 Players Forward
Forward Time % Phy DF OF
1 Ilya Kovalchuk 50 1 4 0
2 Jonathan Toews 50 1 4 0
Penalty Kill - 3 Players Defense
Defense Defense Time % Phy DF OF
1 Ian White Stephane Robidas 50 1 4 0
2 Danny Richmond Kurt Sauer 50 1 4 0
4 vs 4 Forward
Center Wing Time % Phy DF OF
1 Paul Stastny Patrick Kane 50 1 2 2
2 Jonathan Toews Ilya Kovalchuk 50 1 2 2
4 vs 4 Defense
Defense Defense Time % Phy DF OF
1 Ian White Stephane Robidas 50 1 2 2
2 Danny Richmond Kurt Sauer 50 1 2 2
Last Minutes Offensive
Center Left Wing Right Wing Defense Defense
Jonathan Toews Ilya Kovalchuk Patrick Kane Danny Richmond Ian White
Last Minutes Defensive
Center Left Wing Right Wing Defense Defense
Jonathan Toews Ilya Kovalchuk Patrick Kane Danny Richmond Ian White
Goaltenders
Starting : Cam Ward
Backup : Sebastien Caron
Extra Forwards
Normal : Patrick Kane, Ilya Kovalchuk, Jonathan Toews - PP : Ted Purcell, Wayne Simmonds - PK : Patrick Kane
Extra Defensemen
Normal : Zach Bogosian, Stephane Robidas, Ian White - PP : Kurt Sauer - PK : Stephane Robidas, Zach Bogosian
Penalty Shots
Patrick Kane, Ilya Kovalchuk, Jonathan Toews, Paul Stastny, Tomas Fleischmann
% Time on Ice - Canadiens
Lines # - Real PCT - Wanted PCT - Time Play
Normal Forward
1 - 35% - 40% - 14:20
2 - 26% - 30% - 10:35
3 - 20% - 20% - 8:03
4 - 19% - 10% - 7:45
Normal Defense
1 - 38% - 40% - 15:24
2 - 33% - 30% - 13:14
3 - 24% - 20% - 9:48
4 - 6% - 10% - 2:17
PP Forward
1 - 59% - 60% - 3:45
2 - 41% - 40% - 2:34
PP Defense
1 - 64% - 60% - 4:01
2 - 36% - 40% - 2:18
PK Forward
1 - 74% - 60% - 8:22
2 - 26% - 40% - 2:59
PK Defense
1 - 65% - 60% - 7:25
2 - 35% - 40% - 3:56
PK3 Forward
1 - 100% - 60% - 1:37
2 - 0% - 40% - 0:00
PK3 Defense
1 - 61% - 60% - 0:59
2 - 39% - 40% - 0:38
44 Forward
1 - 0% - 60%
2 - 0% - 40%
44 Defense
1 - 0% - 60%
2 - 0% - 40%
Last Minute Offensive - 0:00
Last Minute Defensive - 0:00
Total
Forward - 60:00
Defense - 60:00
|
% Time on Ice - Oilers
Lines # - Real PCT - Wanted PCT - Time Play
Normal Forward
1 - 33% - 38% - 13:15
2 - 32% - 37% - 12:52
3 - 21% - 15% - 8:27
4 - 15% - 10% - 6:09
Normal Defense
1 - 40% - 37% - 16:22
2 - 33% - 32% - 13:28
3 - 26% - 26% - 10:35
4 - 1% - 5% - 0:18
PP Forward
1 - 62% - 65% - 8:04
2 - 38% - 35% - 4:54
PP Defense
1 - 55% - 50% - 7:08
2 - 45% - 50% - 5:50
PK Forward
1 - 51% - 50% - 2:42
2 - 49% - 50% - 2:37
PK Defense
1 - 54% - 50% - 2:53
2 - 46% - 50% - 2:26
PK3 Forward
1 - 72% - 50% - 0:43
2 - 28% - 50% - 0:17
PK3 Defense
1 - 57% - 50% - 0:34
2 - 43% - 50% - 0:26
44 Forward
1 - 0% - 50%
2 - 0% - 50%
44 Defense
1 - 0% - 50%
2 - 0% - 50%
Last Minute Offensive - 0:00
Last Minute Defensive - 0:00
Total
Forward - 60:00
Defense - 60:00
|
Play by Play
1st period
0:01 of 1st period - Marc Savard wins face-off versus Jonathan Toews in neutral zone.
0:14 of 1st period - Patrick Sharp is hit by Ilya Kovalchuk and loses puck.
1:32 of 1st period - Snap shot by Ted Purcell.
1:32 of 1st period - Shot Blocked by Matt Carle.
2:11 of 1st period - Drew Miller is hit by Patrick Kaleta and loses puck.
2:56 of 1st period - Wrist shot by Marek Svatos.
2:56 of 1st period - Stopped by Cam Ward with a rebound.
2:58 of 1st period - Slapshot by Dennis Wideman.
2:58 of 1st period - Stopped by Cam Ward with a rebound.
3:00 of 1st period - Slapshot by Jiri Fischer.
3:00 of 1st period - Shot Blocked by Kurt Sauer.
3:30 of 1st period - Wrist shot by Ted Purcell.
3:30 of 1st period - Shot Hit the Post.
3:46 of 1st period - Ladislav Smid is hit by Patrick Kane and loses puck.
4:08 of 1st period - Drew Miller is hit by Patrick Kaleta and loses puck.
4:13 of 1st period - Snap shot by Peter Regin.
4:13 of 1st period - Goal by Peter Regin - Canadiens : 0 - Oilers : 1.
4:14 of 1st period - Paul Stastny wins face-off versus Marc Savard in neutral zone.
5:05 of 1st period - Wrist shot by Ilya Kovalchuk.
5:05 of 1st period - Stopped by Jonathan Bernier with a rebound.
5:45 of 1st period - Wrist shot by Patrick Kane.
5:45 of 1st period - Shot Misses the Net.
5:59 of 1st period - Minor Penalty to Marek Svatos for Hooking.
6:00 of 1st period - Maxim Talbot wins face-off versus Jonathan Toews in Canadiens zone.
6:38 of 1st period - Off-side.
6:39 of 1st period - Maxim Talbot wins face-off versus Jonathan Toews in neutral zone.
6:42 of 1st period - Slapshot by Drew Miller.
6:42 of 1st period - Shot Blocked by Stephane Robidas.
6:58 of 1st period - Dennis Wideman is hit by Ian White and loses puck.
7:54 of 1st period - Snap shot by Paul Stastny.
7:54 of 1st period - Stopped by Jonathan Bernier without a rebound.
7:55 of 1st period - Jonathan Toews wins face-off versus Maxim Talbot in Canadiens zone.
7:59 of 1st period - Penalty to Marek Svatos is over, Marek Svatos is back on ice.
8:24 of 1st period - Wrist shot by Maxim Talbot.
8:24 of 1st period - Stopped by Cam Ward without a rebound.
8:25 of 1st period - Peter Regin wins face-off versus Dustin Boyd in Oilers zone.
8:25 of 1st period - Peter Regin is hit by Dan Boyle.
8:33 of 1st period - Danny Richmond is hit by Cam Janssen and loses puck.
8:50 of 1st period - Patrick Sharp is hit by Danny Richmond and loses puck.
9:16 of 1st period - Danny Richmond is hit by Rene Bourque and loses puck.
9:23 of 1st period - Jiri Fischer is hit by David Hale.
9:27 of 1st period - Ilya Kovalchuk is hit by Dennis Wideman and loses puck.
9:38 of 1st period - Slapshot by Ian White.
9:38 of 1st period - Stopped by Jonathan Bernier with a rebound.
9:40 of 1st period - Snap shot by Ilya Kovalchuk.
9:40 of 1st period - Stopped by Jonathan Bernier with a rebound.
9:54 of 1st period - Slapshot by Jonathan Toews.
9:54 of 1st period - Stopped by Jonathan Bernier with a rebound.
9:56 of 1st period - Wrist shot by Stephane Robidas.
9:56 of 1st period - Stopped by Jonathan Bernier with a rebound.
9:58 of 1st period - Wrist shot by Jonathan Toews.
9:58 of 1st period - Shot Blocked by Dennis Wideman.
10:00 of 1st period - Slapshot by Zach Bogosian.
10:00 of 1st period - Stopped by Jonathan Bernier with a rebound.
10:02 of 1st period - Wrist shot by Ted Purcell.
10:02 of 1st period - Deflect By Ilya Kovalchuk.
10:02 of 1st period - Shot Misses the Net.
10:02 of 1st period - Puck is out of play.
10:03 of 1st period - Marc Savard wins face-off versus Paul Stastny in Canadiens zone.
10:07 of 1st period - Off-side.
10:08 of 1st period - Marc Savard wins face-off versus Paul Stastny in neutral zone.
10:15 of 1st period - Wrist shot by Marc Savard.
10:15 of 1st period - Stopped by Cam Ward with a rebound.
10:35 of 1st period - Maxim Talbot is hit by Ian White.
10:45 of 1st period - Backhand shot by Maxim Talbot.
10:45 of 1st period - Shot Misses the Net.
11:17 of 1st period - Ted Purcell is hit by Ladislav Smid and loses puck.
11:24 of 1st period - Wrist shot by Rene Bourque.
11:24 of 1st period - Stopped by Cam Ward with a rebound.
11:26 of 1st period - Wrist shot by Drew Miller.
11:26 of 1st period - Stopped by Cam Ward with a rebound.
11:38 of 1st period - Jiri Fischer is hit by Zach Bogosian.
13:05 of 1st period - Snap shot by Dustin Boyd.
13:05 of 1st period - Shot Hit the Post.
13:07 of 1st period - Wrist shot by Riley Cote.
13:07 of 1st period - Deflect By Dustin Boyd.
13:07 of 1st period - Stopped by Cam Ward without a rebound.
13:08 of 1st period - Patrick Sharp wins face-off versus Paul Stastny in Oilers zone.
13:11 of 1st period - Snap shot by Patrick Sharp.
13:11 of 1st period - Stopped by Cam Ward with a rebound.
13:23 of 1st period - Slapshot by Patrick Kane.
13:23 of 1st period - Shot Blocked by Ladislav Smid.
13:25 of 1st period - Snap shot by Paul Stastny.
13:25 of 1st period - Deflect By Marek Svatos.
13:25 of 1st period - Stopped by Jonathan Bernier without a rebound.
13:26 of 1st period - Ilya Kovalchuk wins face-off versus Brooks Laich in Canadiens zone.
13:38 of 1st period - Icing by Brooks Laich.
13:39 of 1st period - Brooks Laich wins face-off versus Paul Stastny in Canadiens zone.
14:22 of 1st period - Slapshot by Rene Bourque.
14:22 of 1st period - Shot Blocked by Zach Bogosian.
14:24 of 1st period - Wrist shot by Drew Miller.
14:24 of 1st period - Stopped by Cam Ward with a rebound.
14:26 of 1st period - Slapshot by Ladislav Smid.
14:26 of 1st period - Deflect By Zach Bogosian.
14:26 of 1st period - Stopped by Cam Ward with a rebound.
14:28 of 1st period - Slapshot by Ladislav Smid.
14:28 of 1st period - Stopped by Cam Ward without a rebound.
14:29 of 1st period - Marc Savard wins face-off versus Paul Stastny in Oilers zone.
14:42 of 1st period - Wrist shot by Paul Stastny.
14:42 of 1st period - Goal by Paul Stastny - Canadiens : 0 - Oilers : 2.
14:43 of 1st period - Marc Savard wins face-off versus Paul Stastny in neutral zone.
14:46 of 1st period - Wrist shot by Dennis Wideman.
14:46 of 1st period - Deflect By Patrick Sharp.
14:46 of 1st period - Shot Blocked by David Hale.
14:46 of 1st period - Puck is out of play.
14:47 of 1st period - Marc Savard wins face-off versus Paul Stastny in Oilers zone.
15:17 of 1st period - Off-side.
15:18 of 1st period - Jonathan Toews wins face-off versus Maxim Talbot in neutral zone.
15:39 of 1st period - Minor Penalty to Jonathan Toews for Hooking.
15:40 of 1st period - Peter Regin wins face-off versus Marc Savard in Oilers zone.
17:39 of 1st period - Penalty to Jonathan Toews is over, Jonathan Toews is back on ice.
18:01 of 1st period - Wrist shot by Ilya Kovalchuk.
18:01 of 1st period - Shot Misses the Net.
18:12 of 1st period - Slapshot by Ilya Kovalchuk.
18:12 of 1st period - Shot Misses the Net.
18:14 of 1st period - Snap shot by Peter Regin.
18:14 of 1st period - Stopped by Jonathan Bernier with a rebound.
18:16 of 1st period - Snap shot by Jonathan Toews.
18:16 of 1st period - Shot Misses the Net.
18:18 of 1st period - Wrist shot by Stephane Robidas.
18:18 of 1st period - Stopped by Jonathan Bernier without a rebound.
18:19 of 1st period - Paul Stastny wins face-off versus Brooks Laich in Canadiens zone.
18:26 of 1st period - Slapshot by Paul Stastny.
18:26 of 1st period - Goal by Paul Stastny - Canadiens : 0 - Oilers : 3.
18:27 of 1st period - Marc Savard wins face-off versus Patrick Kane in neutral zone.
18:33 of 1st period - Minor Penalty to Dennis Wideman for Hooking.
18:34 of 1st period - Maxim Talbot wins face-off versus Ilya Kovalchuk in Canadiens zone.
Goals for this period are 0 for Canadiens vs 3 for Oilers.
Shots for this period are 11 for Canadiens vs 13 for Oilers.
2nd period
0:01 of 2nd period - Maxim Talbot wins face-off versus Jonathan Toews in neutral zone.
0:33 of 2nd period - Penalty to Dennis Wideman is over, Dennis Wideman is back on ice.
0:57 of 2nd period - Snap shot by Stephane Robidas.
0:57 of 2nd period - Stopped by Jonathan Bernier with a rebound.
1:15 of 2nd period - Snap shot by Dustin Boyd.
1:15 of 2nd period - Stopped by Cam Ward with a rebound.
1:31 of 2nd period - Snap shot by Drew Miller.
1:31 of 2nd period - Stopped by Cam Ward with a rebound.
1:33 of 2nd period - Slapshot by Drew Miller.
1:33 of 2nd period - Stopped by Cam Ward with a rebound.
1:35 of 2nd period - Snap shot by Drew Miller.
1:35 of 2nd period - Stopped by Cam Ward without a rebound.
1:36 of 2nd period - Paul Stastny wins face-off versus Marc Savard in Oilers zone.
1:36 of 2nd period - Paul Stastny is hit by Patrick Sharp.
1:55 of 2nd period - Patrick Sharp is hit by Patrick Kane and loses puck.
2:30 of 2nd period - Wrist shot by Dustin Boyd.
2:30 of 2nd period - Shot Misses the Net.
2:32 of 2nd period - Slapshot by Jiri Fischer.
2:32 of 2nd period - Shot Misses the Net.
2:34 of 2nd period - Snap shot by Riley Cote.
2:34 of 2nd period - Goal by Riley Cote - Canadiens : 1 - Oilers : 3.
2:35 of 2nd period - Marc Savard wins face-off versus Tomas Fleischmann in neutral zone.
2:39 of 2nd period - Off-side.
2:40 of 2nd period - Marc Savard wins face-off versus Tomas Fleischmann in neutral zone.
3:08 of 2nd period - Wrist shot by Ted Purcell.
3:08 of 2nd period - Stopped by Jonathan Bernier without a rebound.
3:09 of 2nd period - Jonathan Toews wins face-off versus Maxim Talbot in Canadiens zone.
3:18 of 2nd period - Backhand shot by Ilya Kovalchuk.
3:18 of 2nd period - Shot Misses the Net.
3:20 of 2nd period - Wrist shot by Ilya Kovalchuk.
3:20 of 2nd period - Deflect By Ted Purcell.
3:20 of 2nd period - Shot Misses the Net.
3:20 of 2nd period - Puck is out of play.
3:21 of 2nd period - Marc Savard wins face-off versus Tomas Fleischmann in Canadiens zone.
3:34 of 2nd period - Snap shot by Danny Richmond.
3:34 of 2nd period - Deflect By Marc Savard.
3:34 of 2nd period - Stopped by Jonathan Bernier with a rebound.
4:20 of 2nd period - Snap shot by Drew Miller.
4:20 of 2nd period - Shot Misses the Net.
4:22 of 2nd period - Slapshot by Dennis Wideman.
4:22 of 2nd period - Deflect By Rene Bourque.
4:22 of 2nd period - Shot Blocked by David Hale.
4:22 of 2nd period - Puck is out of play.
4:23 of 2nd period - Maxim Talbot wins face-off versus Paul Stastny in Oilers zone.
4:30 of 2nd period - Snap shot by Devin Setoguchi.
4:30 of 2nd period - Stopped by Cam Ward without a rebound.
4:31 of 2nd period - Maxim Talbot wins face-off versus Paul Stastny in Oilers zone.
5:11 of 2nd period - Wrist shot by Patrick Kane.
5:11 of 2nd period - Shot Blocked by Dan Boyle.
6:27 of 2nd period - Wrist shot by Patrick Kane.
6:27 of 2nd period - Stopped by Jonathan Bernier without a rebound.
6:28 of 2nd period - Jonathan Toews wins face-off versus Marc Savard in Canadiens zone.
6:31 of 2nd period - Wrist shot by Ted Purcell.
6:31 of 2nd period - Shot Blocked by Dennis Wideman.
6:33 of 2nd period - Minor Penalty to Marc Savard for Slashing.
6:34 of 2nd period - Jonathan Toews wins face-off versus Marek Svatos in Canadiens zone.
7:26 of 2nd period - Icing by Oleg Saprykin.
7:27 of 2nd period - Wayne Simmonds wins face-off versus Brooks Laich in Oilers zone.
7:35 of 2nd period - Patrick Sharp is hit by Danny Richmond and loses puck.
8:33 of 2nd period - Penalty to Marc Savard is over, Marc Savard is back on ice.
9:06 of 2nd period - Snap shot by Brian Sutherby.
9:06 of 2nd period - Stopped by Jonathan Bernier with a rebound.
9:34 of 2nd period - Snap shot by Rene Bourque.
9:34 of 2nd period - Shot Misses the Net.
10:25 of 2nd period - Minor Penalty to Wayne Simmonds for Holding.
10:26 of 2nd period - Peter Regin wins face-off versus Marc Savard in Oilers zone.
10:42 of 2nd period - Wrist shot by Marc Savard.
10:42 of 2nd period - Stopped by Cam Ward without a rebound.
10:43 of 2nd period - Peter Regin wins face-off versus Marc Savard in Oilers zone.
11:10 of 2nd period - Kurt Sauer is hit by Devin Setoguchi and loses puck.
11:55 of 2nd period - Ian White is hit by Dennis Wideman and loses puck.
12:25 of 2nd period - Penalty to Wayne Simmonds is over, Wayne Simmonds is back on ice.
12:35 of 2nd period - David Hale is hit by Dustin Boyd and loses puck.
12:42 of 2nd period - Wrist shot by Riley Cote.
12:42 of 2nd period - Shot Blocked by Ilya Kovalchuk.
14:03 of 2nd period - Patrick Kaleta is hit by Dan Boyle and loses puck.
14:50 of 2nd period - Ladislav Smid is hit by Ted Purcell and loses puck.
15:19 of 2nd period - Patrick Kane is hit by Matt Carle and loses puck.
15:38 of 2nd period - Wrist shot by Cam Janssen.
15:38 of 2nd period - Shot Misses the Net.
15:50 of 2nd period - Stephane Robidas is hit by Brooks Laich.
16:02 of 2nd period - Brian Sutherby is hit by Maxim Talbot and loses puck.
16:32 of 2nd period - Kurt Sauer is hit by Drew Miller.
16:43 of 2nd period - Peter Regin is hit by Dan Boyle and loses puck.
17:03 of 2nd period - Slapshot by Denis Grebeshkov.
17:03 of 2nd period - Shot Blocked by Danny Richmond.
17:09 of 2nd period - Ladislav Smid is hit by Wayne Simmonds and loses puck.
17:20 of 2nd period - Riley Cote is hit by Jonathan Toews and loses puck.
17:54 of 2nd period - Minor Penalty to Dan Boyle for Hooking.
17:55 of 2nd period - Maxim Talbot wins face-off versus Jonathan Toews in Canadiens zone.
18:17 of 2nd period - Minor Penalty to Maxim Talbot for Interference.
18:18 of 2nd period - Marc Savard wins face-off versus Jonathan Toews in Canadiens zone.
18:55 of 2nd period - Wrist shot by Paul Stastny.
18:55 of 2nd period - Goal by Paul Stastny - Canadiens : 1 - Oilers : 4.
18:55 of 2nd period - Miika Kiprusoff enters game.
18:56 of 2nd period - Jonathan Toews wins face-off versus Marek Svatos in neutral zone.
19:14 of 2nd period - Danny Richmond is hit by Jiri Fischer and loses puck.
19:17 of 2nd period - Minor Penalty to Marek Svatos for Hooking.
19:18 of 2nd period - Marc Savard wins face-off versus Jonathan Toews in Canadiens zone.
19:18 of 2nd period - Marc Savard is hit by Danny Richmond.
19:27 of 2nd period - Off-side.
19:28 of 2nd period - Jonathan Toews wins face-off versus Marc Savard in neutral zone.
19:31 of 2nd period - Marc Savard is hit by Danny Richmond and loses puck.
19:42 of 2nd period - Wrist shot by Zach Bogosian.
19:42 of 2nd period - Shot Misses the Net.
Goals for this period are 1 for Canadiens vs 1 for Oilers.
Shots for this period are 7 for Canadiens vs 6 for Oilers.
3rd period
0:01 of 3rd period - Marc Savard wins face-off versus Jonathan Toews in neutral zone.
0:06 of 3rd period - Backhand shot by Ladislav Smid.
0:06 of 3rd period - Stopped by Cam Ward with a rebound.
0:17 of 3rd period - Penalty to Maxim Talbot is over, Maxim Talbot is back on ice.
0:33 of 3rd period - Off-side.
0:34 of 3rd period - Jonathan Toews wins face-off versus Maxim Talbot in neutral zone.
0:47 of 3rd period - Wrist shot by Patrick Kane.
0:47 of 3rd period - Stopped by Miika Kiprusoff without a rebound.
0:48 of 3rd period - Jonathan Toews wins face-off versus Maxim Talbot in Canadiens zone.
0:55 of 3rd period - Slapshot by Patrick Kane.
0:55 of 3rd period - Shot Misses the Net.
0:57 of 3rd period - Slapshot by Danny Richmond.
0:57 of 3rd period - Goal by Danny Richmond - Canadiens : 1 - Oilers : 5.
0:58 of 3rd period - Jonathan Toews wins face-off versus Marc Savard in neutral zone.
1:04 of 3rd period - Ian White and Patrick Sharp fight to a draw.
1:04 of 3rd period - Penalty to Ian White for Fighting.
1:04 of 3rd period - Penalty to Patrick Sharp for Fighting.
1:04 of 3rd period - Penalty to Patrick Sharp for instigated a fight.
1:04 of 3rd period - Penalty to Patrick Sharp for instigated a fight.
1:05 of 3rd period - Maxim Talbot wins face-off versus Jonathan Toews in Canadiens zone.
1:05 of 3rd period - Maxim Talbot is hit by Ilya Kovalchuk.
1:14 of 3rd period - Icing by Jonathan Toews.
1:15 of 3rd period - Jonathan Toews wins face-off versus Maxim Talbot in Oilers zone.
1:32 of 3rd period - Snap shot by Ilya Kovalchuk.
1:32 of 3rd period - Shot Misses the Net.
1:34 of 3rd period - Snap shot by Stephane Robidas.
1:34 of 3rd period - Shot Misses the Net.
2:14 of 3rd period - Slapshot by Stephane Robidas.
2:14 of 3rd period - Stopped by Miika Kiprusoff with a rebound.
2:16 of 3rd period - Backhand shot by Stephane Robidas.
2:16 of 3rd period - Stopped by Miika Kiprusoff with a rebound.
2:29 of 3rd period - Icing by Tomas Fleischmann.
2:30 of 3rd period - Paul Stastny wins face-off versus Brooks Laich in Oilers zone.
2:37 of 3rd period - Snap shot by Ted Purcell.
2:37 of 3rd period - Stopped by Miika Kiprusoff with a rebound.
3:04 of 3rd period - Penalty to Patrick Sharp is over, Marek Svatos is send on ice.
3:09 of 3rd period - Wrist shot by Ted Purcell.
3:09 of 3rd period - Stopped by Miika Kiprusoff with a rebound.
3:14 of 3rd period - Off-side.
3:15 of 3rd period - Marc Savard wins face-off versus Peter Regin in neutral zone.
3:15 of 3rd period - Zach Bogosian and Dennis Wideman fight to a draw.
3:15 of 3rd period - Penalty to Zach Bogosian for Fighting.
3:15 of 3rd period - Penalty to Dennis Wideman for Fighting.
3:16 of 3rd period - Jonathan Toews wins face-off versus Greg Stewart in neutral zone.
3:27 of 3rd period - Danny Richmond is hit by Matt Carle and loses puck.
3:47 of 3rd period - Snap shot by Drew Miller.
3:47 of 3rd period - Shot Misses the Net.
3:49 of 3rd period - Slapshot by Brooks Laich.
3:49 of 3rd period - Shot Blocked by Danny Richmond.
4:24 of 3rd period - David Hale is hit by Marc Savard and loses puck.
4:29 of 3rd period - Wrist shot by Marek Svatos.
4:29 of 3rd period - Stopped by Cam Ward without a rebound.
4:30 of 3rd period - Rene Bourque wins face-off versus Jonathan Toews in Oilers zone.
4:31 of 3rd period - Slapshot by Brooks Laich.
4:31 of 3rd period - Shot Blocked by Ted Purcell.
4:39 of 3rd period - Brooks Laich is hit by Danny Richmond and loses puck.
5:16 of 3rd period - Riley Cote is hit by Danny Richmond and loses puck.
5:38 of 3rd period - Jiri Fischer is hit by Wayne Simmonds and loses puck.
5:45 of 3rd period - Maxim Talbot is hit by Steve Begin and loses puck.
5:49 of 3rd period - Greg Stewart is hit by Wayne Simmonds and loses puck.
6:45 of 3rd period - Snap shot by Cam Janssen.
6:45 of 3rd period - Shot Misses the Net.
7:00 of 3rd period - Minor Penalty to Marek Svatos for Kneeing.
7:01 of 3rd period - Drew Miller wins face-off versus Jonathan Toews in Canadiens zone.
8:15 of 3rd period - Penalty to Dennis Wideman is over, Dennis Wideman is back on ice.
9:00 of 3rd period - Penalty to Marek Svatos is over, Marek Svatos is back on ice.
9:08 of 3rd period - Snap shot by Greg Stewart.
9:08 of 3rd period - Shot Blocked by Peter Regin.
9:10 of 3rd period - Wrist shot by Denis Grebeshkov.
9:10 of 3rd period - Stopped by Cam Ward without a rebound.
9:11 of 3rd period - Peter Regin wins face-off versus Marc Savard in Oilers zone.
9:22 of 3rd period - Slapshot by Peter Regin.
9:22 of 3rd period - Stopped by Miika Kiprusoff with a rebound.
9:28 of 3rd period - Wrist shot by Patrick Kaleta.
9:28 of 3rd period - Shot Misses the Net.
9:30 of 3rd period - Slapshot by Kurt Sauer.
9:30 of 3rd period - Shot Blocked by Marc Savard.
9:42 of 3rd period - Wrist shot by Peter Regin.
9:42 of 3rd period - Shot Misses the Net.
9:44 of 3rd period - Slapshot by Danny Richmond.
9:44 of 3rd period - Shot Misses the Net.
9:46 of 3rd period - Snap shot by Patrick Kaleta.
9:46 of 3rd period - Stopped by Miika Kiprusoff without a rebound.
9:47 of 3rd period - Jonathan Toews wins face-off versus Brooks Laich in Canadiens zone.
10:12 of 3rd period - Maxim Talbot is hit by Tomas Fleischmann and loses puck.
10:55 of 3rd period - Ian White is hit by Matt Carle and loses puck.
11:52 of 3rd period - Paul Stastny is hit by Marek Svatos.
12:40 of 3rd period - Tomas Fleischmann is hit by Greg Stewart.
13:04 of 3rd period - Matt Carle is hit by Brian Sutherby and loses puck.
13:19 of 3rd period - Marc Savard is hit by Ted Purcell and loses puck.
13:32 of 3rd period - David Hale is hit by Maxim Talbot.
13:36 of 3rd period - David Hale is hit by Jiri Fischer and loses puck.
14:01 of 3rd period - Snap shot by Dustin Boyd.
14:01 of 3rd period - Stopped by Cam Ward without a rebound.
14:02 of 3rd period - Dustin Boyd wins face-off versus Jonathan Toews in Oilers zone.
15:05 of 3rd period - Marek Svatos is hit by Danny Richmond and loses puck.
15:16 of 3rd period - Snap shot by Jonathan Toews.
15:16 of 3rd period - Stopped by Miika Kiprusoff with a rebound.
15:24 of 3rd period - Slapshot by Dan Boyle.
15:24 of 3rd period - Shot Blocked by Danny Richmond.
15:26 of 3rd period - Slapshot by Matt Carle.
15:26 of 3rd period - Shot Blocked by Kurt Sauer.
15:28 of 3rd period - Wrist shot by Greg Stewart.
15:28 of 3rd period - Shot Misses the Net.
15:30 of 3rd period - Wrist shot by Marc Savard.
15:30 of 3rd period - Stopped by Cam Ward without a rebound.
15:31 of 3rd period - Brooks Laich wins face-off versus Paul Stastny in Oilers zone.
15:40 of 3rd period - Rene Bourque is hit by Tomas Fleischmann and loses puck.
15:57 of 3rd period - Ted Purcell is hit by Dennis Wideman and loses puck.
16:04 of 3rd period - 10 Minutes Misconduct Penalty to Patrick Sharp is over.
16:16 of 3rd period - Slapshot by Patrick Kaleta.
16:16 of 3rd period - Shot Blocked by Maxim Talbot.
16:18 of 3rd period - Slapshot by Stephane Robidas.
16:18 of 3rd period - Deflect By Devin Setoguchi.
16:18 of 3rd period - Stopped by Miika Kiprusoff without a rebound.
16:19 of 3rd period - Peter Regin wins face-off versus Maxim Talbot in Canadiens zone.
16:22 of 3rd period - Slapshot by Patrick Kaleta.
16:22 of 3rd period - Oilers goal is going for a video replay.
16:22 of 3rd period - The goal is good.
16:22 of 3rd period - Goal by Patrick Kaleta - Canadiens : 1 - Oilers : 6.
16:23 of 3rd period - Marc Savard wins face-off versus Jonathan Toews in neutral zone.
16:53 of 3rd period - Rene Bourque is hit by Paul Stastny and loses puck.
17:16 of 3rd period - Snap shot by Maxim Talbot.
17:16 of 3rd period - Goal by Maxim Talbot - Canadiens : 2 - Oilers : 6.
17:17 of 3rd period - Jonathan Toews wins face-off versus Marc Savard in neutral zone.
17:28 of 3rd period - Wrist shot by Patrick Sharp.
17:28 of 3rd period - Shot Misses the Net.
17:30 of 3rd period - Slapshot by Patrick Sharp.
17:30 of 3rd period - Stopped by Cam Ward with a rebound.
17:32 of 3rd period - Snap shot by Marek Svatos.
17:32 of 3rd period - Deflect By Patrick Sharp.
17:32 of 3rd period - Stopped by Cam Ward without a rebound.
17:33 of 3rd period - Brooks Laich wins face-off versus Paul Stastny in Oilers zone.
17:36 of 3rd period - Snap shot by Rene Bourque.
17:36 of 3rd period - Shot Blocked by Tomas Fleischmann.
17:38 of 3rd period - Minor Penalty to Danny Richmond for Hooking.
17:39 of 3rd period - Marc Savard wins face-off versus Peter Regin in Oilers zone.
18:00 of 3rd period - Wrist shot by Oleg Saprykin.
18:00 of 3rd period - Deflect By Brian Sutherby.
18:00 of 3rd period - Shot Misses the Net.
18:00 of 3rd period - Puck is out of play.
18:01 of 3rd period - Peter Regin wins face-off versus Brooks Laich in Canadiens zone.
18:09 of 3rd period - Off-side.
18:10 of 3rd period - Peter Regin wins face-off versus Brooks Laich in neutral zone.
18:12 of 3rd period - Off-side.
18:13 of 3rd period - Peter Regin wins face-off versus Marc Savard in neutral zone.
18:22 of 3rd period - Slapshot by Dennis Wideman.
18:22 of 3rd period - Deflect By Ilya Kovalchuk.
18:22 of 3rd period - Stopped by Cam Ward without a rebound.
18:23 of 3rd period - Marc Savard wins face-off versus Peter Regin in Oilers zone.
18:37 of 3rd period - Minor Penalty to Ilya Kovalchuk for Roughing.
18:38 of 3rd period - Marc Savard wins face-off versus Patrick Kane in Oilers zone.
19:11 of 3rd period - Off-side.
19:12 of 3rd period - Jonathan Toews wins face-off versus Marc Savard in neutral zone.
19:38 of 3rd period - Penalty to Danny Richmond is over, Danny Richmond is back on ice.
Goals for this period are 1 for Canadiens vs 2 for Oilers.
Shots for this period are 9 for Canadiens vs 11 for Oilers.
Back to the Top